 Dungeon Crawl Stone Soup version 0.25-a0-294-gea9b1ad378 (webtiles) character file.

Game seed: 6613495891570356256, levelgen mode: deterministic

6722 daebak the Grappler (level 10, -1/94 HPs)
             Began as a Troll Earth Elementalist on Dec 19, 2019.
             Was a Follower of Cheibriados.
             Hit by a stone thrown by a big kobold (5 damage)
             ... on level 8 of the Dungeon.
             The game lasted 00:25:28 (6939 turns).

daebak the Grappler (Troll Earth Elementalist)      Turns: 6939, Time: 00:25:31

Health: -1/94      AC:  6    Str: 25    XL:     10   Next: 74%
Magic:  14/14      EV: 16    Int: 16    God:    Cheibriados [*.....]
Gold:   283        SH:  0    Dex: 17    Spells: 6/16 levels left

rFire    . . .     SeeInvis .   N - +0 hand axe (flame)
rCold    . . .     Gourm    +   (no shield)
rNeg     . . .     Faith    .   c - +0 robe
rPois    +         Spirit   .   (helmet restricted)
rElec    .         Reflect  .   (no cloak)
rCorr    .         Harm     .   (gloves unavailable)
MR       +....                  (boots unavailable)
Stlth    +++.......             D - amulet of regeneration
HPRegen  1.05/turn              m - ring of protection from magic
MPRegen  0.14/turn              r - ring of wizardry

@: mighty, agile, very slow
A: large, unfitting armour, claws 3, fast metabolism 3, gourmand, poison
resistance, regeneration 1, shaggy fur 1, tough skin 3, MP-powered wands
a: Bend Time, Renounce Religion


You were on level 8 of the Dungeon.
You worshipped Cheibriados.
Cheibriados was aware of your devotion.
You were very full.

You visited 2 branches of the dungeon, and saw 9 of its levels.

You collected 379 gold pieces.
You spent 96 gold pieces at shops.

Inventory:

Hand Weapons
 k - a +2 spear of venom
 N - a +0 hand axe of flaming (weapon)
Missiles
 b - 193 stones
 i - 27 poisoned darts (quivered)
 u - 5 throwing nets
Armour
 c - a +0 robe (worn)
Jewellery
 m - a ring of protection from magic (left claw)
 r - a ring of wizardry (right claw)
 v - an uncursed ring of fire
 w - a +4 amulet of reflection
 A - an uncursed ring of resist corrosion
 D - an amulet of regeneration (around neck)
Wands
 x - a wand of acid (11)
 y - a wand of flame (39)
 C - a wand of disintegration (20)
 F - a wand of polymorph (7)
Scrolls
 g - 3 scrolls of enchant armour {unknown}
 j - 6 scrolls of remove curse
 n - 3 scrolls of magic mapping {unknown}
 o - 3 scrolls of enchant weapon {unknown}
 p - 6 scrolls of teleportation
 t - 4 scrolls of immolation {unknown}
 G - 2 scrolls of amnesia {unknown}
 H - a scroll of fog {unknown}
 I - a scroll of vulnerability {unknown}
 J - a scroll of random uselessness {unknown}
 P - a scroll of blinking {unknown}
Potions
 a - 3 potions of agility
 e - 6 potions of curing
 f - 2 potions of ambrosia
 h - a potion of might
 q - a potion of berserk rage {unknown}
 s - a potion of haste
 z - 3 potions of lignification
 B - a potion of brilliance {unknown}
 E - 2 potions of cancellation
 K - a potion of invisibility {unknown}
 M - a potion of flight {unknown}
Comestibles
 d - 7 rations


   Skills:
 * Level 4.6 Fighting
 + Level 5.6 Throwing
 - Level 2.5 Dodging
 - Level 1.0 Stealth
 + Level 8.7 Unarmed Combat
 * Level 3.8 Spellcasting
 * Level 2.8 Conjurations
 * Level 2.0 Charms
 * Level 2.3 Necromancy
 - Level 3.1 Transmutations
 - Level 5.3 Earth Magic


You had 6 spell levels left.
You knew the following spells:

 Your Spells              Type           Power        Failure   Level  Hunger
a - Sandblast             Erth           ###...       1%          1    None
b - Passwall              Tmut/Erth      ###.....     1%          2    ##.....
c - Stone Arrow           Conj/Erth      ###...       4%          3    ###....
d - Regeneration          Chrm/Necr      ##........   9%          3    ###....
e - Animate Skeleton      Necr           N/A          2%          1    None

Your spell library contained the following spells:

 Spells                   Type           Power        Failure   Level  Hunger
 Pain                     Necr           ##..         2%          1    None
 Vampiric Draining        Necr           ##........   8%          3    ###....
 Petrify                  Tmut/Erth      ###.....     12%         4    ####...
 Lee's Rapid Deconstruct  Erth           ###.......   21%         5    ######.
 Animate Dead             Necr           N/A          26%         4    ####...
 Bolt of Magma            Conj/Fire/Erth ##........   50%         5    ######.
 Iskenderun's Battlesphe  Conj/Chrm      ##......     54%         5    ######.
 Iron Shot                Conj/Erth      ###.......   86%         6    #######
 Orb of Destruction       Conj           ##........   100%        7    #######
 Spellforged Servitor     Conj/Summ      #.........   100%        7    #######


Dungeon Overview and Level Annotations

Branches:
Dungeon (8/15)             Temple (1/1) D:7
   Lair: D:8-11

Altars:
Ashenzari
Cheibriados
Fedhas
Gozag
Hepliaklqana
Kikubaaqudgha
Makhleb
Nemelex Xobeh
Okawaru
Qazlal
Ru
Uskayaw
Vehumet
Wu Jian
Xom
Yredelemnul
Zin

Shops:
D:8 !%[

Annotations:
D:3 exclusion: downstairs
D:4 exclusion: 2 downstairs
D:7 exclusion: downstairs


Innate Abilities, Weirdness & Mutations

You are too large for most types of armour.
You have claws for hands.
Your metabolism is lightning-fast.
You like to eat raw meat.
Your natural rate of healing is unusually fast.
You are covered in fur. (AC +1)
You have extremely tough skin. (AC +3)
Your system is resistant to poisons. (rPois)
You expend magic power (3 MP) to strengthen your wands.


Message History

You slash the yak! You burn the yak.
The yak is severely wounded.
The yak gores you but does no damage. The yak misses you.
You barely miss the yak.
The yak is severely wounded.
The yak gores you.
* * * LOW HITPOINT WARNING * * *
Okay, then.
You slash the yak! You burn the yak.
The yak is almost dead.
The yak gores you.
* * * LOW HITPOINT WARNING * * *
You slash the yak! You burn the yak.
You kill the yak!
Cheibriados appreciates the change of pace.
Cheibriados is now slowing and strengthening your metabolism.
Cheibriados raises the support of your attributes as your movement slows.
The big kobold throws a stone.
The stone misses you.
The big kobold throws a stone.
The stone hits you.
You die...

................#...
.......###.........
.........#........# ##
..................# P.'
..............##..# ≈≈≈#
..................# .P≈≈#
................#.#..%..#
................#%K≈....'
................@##...P%'
..................# ...%'
...........(......# ...#
..................#######
............#........# .
........#...........∩# ..
........##......#...##..#
........##)....##.......
....#...##)##..#....#.


You could see a big kobold.

Vanquished Creatures
  A hydra (D:8)
  Harold (D:7)
  A two-headed ogre (D:8)
  Pikel (D:6)
  Psyche (D:8)
  2 dream sheep (D:8)
  2 yaks (D:8)
  2 orc warriors (D:6)
  An ice beast (D:7)
  2 sky beasts
  2 black bears
  6 ogres
  2 phantoms
  A centaur (D:6)
  2 big kobolds (D:8)
  3 bullfrogs (D:6)
  A scorpion (D:5)
  5 wights
  2 howler monkeys
  5 crimson imps
  A bullfrog zombie (D:6)
  A centaur zombie (D:5)
  A gnoll shaman (D:8)
  4 hounds
  2 jellies (D:5)
  4 orc wizards
  4 orc priests
  2 bullfrog skeletons
  8 worker ants
  A worker ant zombie (D:3)
  A howler monkey zombie (D:8)
  9 gnolls
  15 adders
  A howler monkey skeleton (D:6)
  An adder skeleton (D:5)
  6 worms
  4 dart slugs
  6 leopard geckos
  12 orcs
  12 bats
  5 giant cockroaches
  2 gnoll zombies (D:7)
  12 goblins
  4 hobgoblins
  14 jackals
  3 quokkas
  3 ball pythons
  A ball python zombie (D:5)
  2 frilled lizards
  7 kobolds
  A leopard gecko skeleton (D:7)
  3 rats
195 creatures vanquished.

Vanquished Creatures (others)
  3 slaves (D:7)
  An orc wizard (D:4)
  A plant (D:8)
5 creatures vanquished.

Grand Total: 200 creatures vanquished

Notes
Turn   | Place    | Note
-------+----------+-------------------------------------------
     0 | D:1      | daebak the Troll Earth Elementalist began the quest for the
                  | Orb.
     0 | D:1      | Reached XP level 1. HP: 16/16 MP: 1/1
    84 | D:1      | Reached XP level 2. HP: 26/26 MP: 2/2
    95 | D:1      | Learned a level 2 spell: Passwall
   576 | D:1      | Reached skill level 1 in Transmutations
   691 | D:2      | Reached XP level 3. HP: 32/32 MP: 4/4
   780 | D:2      | Reached skill level 1 in Unarmed Combat
   954 | D:2      | Reached skill level 1 in Fighting
  1034 | D:2      | Reached XP level 4. HP: 35/41 MP: 0/5
  1641 | D:3      | Reached skill level 2 in Unarmed Combat
  1641 | D:3      | Reached XP level 5. HP: 32/48 MP: 6/6
  2014 | D:3      | Reached skill level 1 in Throwing
  2062 | D:3      | Learned a level 3 spell: Stone Arrow
  2173 | D:3      | Noticed an ogre
  2191 | D:3      | Killed an ogre
  2191 | D:3      | Reached XP level 6. HP: 50/55 MP: 7/7
  2602 | D:4      | Reached skill level 3 in Unarmed Combat
  2899 | D:4      | Reached XP level 7. HP: 30/63 MP: 6/8
  2963 | D:4      | Found a hazy altar of Hepliaklqana.
  2980 | D:4      | Reached skill level 4 in Unarmed Combat
  3402 | D:5      | Entered Level 5 of the Dungeon
  3818 | D:5      | Reached skill level 5 in Unarmed Combat
  3833 | D:5      | Reached XP level 8. HP: 44/74 MP: 10/10
  4241 | D:6      | Found a shimmering altar of Xom.
  4504 | D:6      | Reached skill level 6 in Unarmed Combat
  4806 | D:6      | Found an ornate altar of the Wu Jian Council.
  4908 | D:6      | Reached skill level 5 in Earth Magic
  4908 | D:6      | Reached XP level 9. HP: 32/83 MP: 12/12
  5236 | D:7      | Noticed Harold
  5320 | D:7      | Found a staircase to the Ecumenical Temple.
  5328 | D:7      | Found a radiant altar of Vehumet.
  5359 | D:7      | Noticed Pikel
  5391 | D:6      | Killed Pikel
  5391 | D:6      | Reached skill level 7 in Unarmed Combat
  5391 | D:6      | Reached skill level 1 in Conjurations
  5572 | D:6      | Learned a level 3 spell: Regeneration
  5574 | D:6      | Learned a level 1 spell: Animate Skeleton
  5678 | D:7      | Killed Harold
  5678 | D:7      | Reached skill level 1 in Necromancy
  5800 | Temple   | Entered the Ecumenical Temple
  5865 | Temple   | Became a worshipper of Cheibriados the Contemplative
  6331 | D:7      | Found a basalt altar of Yredelemnul.
  6373 | D:8      | Found Plog's Antique Armour Shop.
  6375 | D:8      | Noticed a two-headed ogre
  6386 | D:7      | Reached skill level 1 in Charms
  6386 | D:7      | Reached XP level 10. HP: 92/92 MP: 14/14
  6477 | D:8      | Found Umat's Distillery.
  6492 | D:8      | Bought a potion of mutation for 96 gold pieces
  6492 | D:8      | Gained mutation: Your system is resistant to poisons.
                  | (rPois) [potion of mutation]
  6492 | D:8      | Gained mutation: You expend magic power (3 MP) to
                  | strengthen your wands. [potion of mutation]
  6510 | D:8      | Killed a two-headed ogre
  6510 | D:8      | Reached skill level 8 in Unarmed Combat
  6536 | D:8      | Found Ykoinab's Food Emporium.
  6603 | D:8      | Reached skill level 5 in Throwing
  6765 | D:8      | Noticed Psyche
  6799 | D:8      | Killed Psyche
  6904 | D:8      | Noticed a three-headed hydra
  6924 | D:8      | Killed a one-headed hydra
  6938 | D:8      | HP: 2/94 [yak (6)]
  6939 | D:8      | Reached * piety under Cheibriados
  6939 | D:8      | Hit by a stone thrown by a big kobold

Levels and vault maps discovered:
D:1:      evilmike_arrival_sounds_zot, layout_loops_ring
D:2:      layout_loops_ring, first_ration, st_stairs_5
D:3:      cheibrodos_helix_gallery, layout_loops_corners
D:4:      layout_basic, lemuel_crystal_altar
D:5:      layout_gridville
D:6:      layout_loops_ring, kennysheep_mini_moat, basic_altar,
          kennysheep_opposing_triangles
D:7:      minmay_opposing_rooms, layout_rooms, lemuel_zombie_altar_yredelemnul,
          vehumet_altar_wand_db, minmay_temple_entry_arrows, uniq_pikel,
          uniq_harold
D:8:      layout_cave_pools, serial_shops, shop, shop, kennysheep_little_box,
          shop, hangedman_ranch [blue_anna_fruit_fields], uniq_psyche
Temple:   cyrus_circular_temple

Skill      XL: |  1  2  3  4  5  6  7  8  9 10 |
---------------+-------------------------------+-----
Earth Magic    | 3 4 5 |  5.3
Transmutations | 1 2 3 |  3.1
Unarmed Combat | 1 2 3 5 6 7 8 |  8.7
Dodging        | 2 |  2.5
Fighting       | 1 2 3 4 |  4.6
Throwing       | 1 2 3 4 5 |  5.6
Spellcasting   | 2 3 |  3.8
Conjurations   | 1 2 |  2.8
Necromancy     | 1 2 |  2.3
Charms         | 1 2 |  2.0
Stealth        | |  1.0

Action                   |  1- 3 |  4- 6 |  7- 9 | 10-12 || total
-------------------------+-------+-------+-------+-------++-------
Melee: Unarmed           |   111 |   218 |   325 |    65 ||   719
       Punch             |       |     1 |     7 |     4 ||    12
       Hand axe          |       |       |       |    12 ||    12
Throw: Dart              |     5 |    14 |   102 |    30 ||   151
       Boomerang         |       |       |     5 |       ||     5
       Stone             |       |       |     4 |       ||     4
 Cast: Sandblast         |     3 |     1 |    15 |     1 ||    20
Evoke: Wand              |       |       |       |     2 ||     2
  Use: Scroll            |       |       |     7 |     4 ||    11
       Potion            |       |       |       |     4 ||     4
 Stab: Sleeping          |     2 |     2 |     2 |       ||     6
       Distracted        |       |       |     1 |       ||     1
  Eat: Chunk             |    15 |    17 |    29 |     9 ||    70
Armor: Robe              |    58 |    66 |   109 |     6 ||   239
Dodge: Dodged            |    67 |   119 |   172 |    28 ||   386

Table legend:
 A = Non-vault XP
 B = Vault XP
 C = Vault XP percentage of total XP
 D = Non-vault monster count
 E = Vault monster count
 F = Vault count percentage of total count
                 A         B        C        D         E       F
            +---------+---------+-------+---------+---------+-------
      Total |    4575 |    5028 |  52.4 |     167 |      28 |  14.4
            +---------+---------+-------+---------+---------+-------
        D:1 |      34 |       0 |   0.0 |      20 |       0 |   0.0
        D:2 |     123 |      16 |  11.5 |      31 |       3 |   8.8
        D:3 |     251 |       4 |   1.6 |      25 |       1 |   3.8
        D:4 |     657 |       0 |   0.0 |      25 |       0 |   0.0
        D:5 |     689 |       0 |   0.0 |      23 |       0 |   0.0
        D:6 |     950 |    1225 |  56.3 |      24 |       8 |  25.0
        D:7 |     261 |    1236 |  82.6 |       6 |       8 |  57.1
        D:8 |    1610 |    2547 |  61.3 |      13 |       8 |  38.1
            +---------+---------+-------+---------+---------+-------
